 Dungeon Crawl Stone Soup version 0.19.0-11-g3fc08b3 (webtiles) character file.

50 GrittyGramps the Charmwright (level 4, 0/27 HPs)
             Began as a Kobold Skald on Nov 8, 2016.
             Slain by a hobgoblin
             ... wielding a +0 club
              (4 damage)
             ... on level 2 of the Dungeon.
             The game lasted 00:09:40 (1491 turns).

GrittyGramps the Charmwright (Kobold Skald)         Turns: 1491, Time: 00:09:41

Health: 0/27       AC:  3    Str:  8 (10) XL:     4   Next: 4%
Magic:  7/7        EV: 13    Int: 12 (13) God:
Gold:   40         SH:  0    Dex: 11 (14) Spells: 1 memorised, 6 levels left

rFire  . . .     SeeInvis .     g - +0 dagger
rCold  . . .     Gourm    .     b - +0 leather armour
rNeg   . . .     Faith    .     (shield restricted)
rPois  .         Spirit   .     (no helmet)
rElec  .         Reflect  .     (no cloak)
rCorr  .         Harm     .     (no gloves)
MR     .....                    (no boots)
Stlth  +.........               (no amulet)
                                (no ring)
                                (no ring)

@: no status effects
A: carnivore 3
a: no special abilities


You were on level 2 of the Dungeon.
You were not hungry.

You visited 1 branch of the dungeon, and saw 2 of its levels.

You collected 40 gold pieces.

Inventory:

Hand Weapons
 a - a +0 spear
 g - a +0 dagger (weapon)
 k - a +1 dagger of venom
 m - a +3 dagger of venom
Armour
 b - a +0 leather armour (worn)
Jewellery
 e - a +5 amulet of reflection {unknown}
 i - a cursed -6 ring of strength {unknown}
Scrolls
 n - a scroll of fog
Potions
 f - 2 potions of resistance {unknown}
 h - 2 potions of heal wounds {unknown}
 j - a potion of invisibility {unknown}
 l - a potion of degeneration
Books
 c - a book of Battle

   Spells                             Type                      Level
   a - Infusion                       Charms                       1
   b - Shroud of Golubria             Charms/Translocation         2
   c - Song of Slaying                Charms                       2
   d - Spectral Weapon                Hexes/Charms                 3
   e - Regeneration                   Charms/Necromancy            3
Comestibles
 d - 2 meat rations


   Skills:
 * Level 2.5 Fighting
 * Level 0.3 Short Blades
 - Level 1.8 Polearms
 + Level 1.1 Armour
 * Level 1.9 Dodging
 * Level 1.3 Stealth
 + Level 2.4 Spellcasting
 * Level 2.7 Charms


You had 6 spell levels left.
You knew the following spells:

 Your Spells              Type           Power        Failure   Level  Hunger
a - Infusion              Chrm           #...         14%         1    ##.....


Dungeon Overview and Level Annotations

Branches:
Dungeon (2/15)

Altars:
Cheibriados

Annotations:
D:2 Robin


Innate Abilities, Weirdness & Mutations

You are small and have problems with some larger weapons.
You are carnivorous and can eat meat at any time.


Message History

The goblin hits you with a dagger.
You closely miss the goblin.
The goblin is severely wounded.
The goblin hits you with a dagger. The hobgoblin hits you with a club.
* * * LOW HITPOINT WARNING * * *
The goblin hits you with a dagger.
* * * LOW HITPOINT WARNING * * *
Things that are here:
a club; a hobgoblin corpse You barely miss the goblin.
The goblin is severely wounded.
The hobgoblin misses you. The goblin misses you.
It was a potion of degeneration.
There was something very wrong with that liquid.
You feel weakened.
You feel dopey.
You feel clumsy. The goblin misses you. The hobgoblin closely misses you.
You hit the goblin.
You kill the goblin!
The hobgoblin hits you with a club.
You die...

## #.#......)...## ..
.#######.#.##.†.##[..## ..#
..........>....g##.#..## ..#
.######.....##.....##..#...#
## #.#......###g##......# .
#.....#### #.##.#.#.## #..
.........###.##.#$..# #
####.....g.†....#.###
#..##..@)......#
#.........###### ##.######.#
#######.# #.#
#.......######.# #
#.###..........# #####.#
#.##.####### ...##.###.##.#
##.##.#......#


You could see a hobgoblin.

Vanquished Creatures
  An ooze (D:1)
  3 dart slugs (D:1)
  5 bats
  2 giant cockroaches
  7 goblins
  7 hobgoblins
  7 kobolds
  7 rats
39 creatures vanquished.

Notes
Turn   | Place    | Note
-------+----------+-------------------------------------------
     0 | D:1      | GrittyGramps the Kobold Skald began the quest for the Orb.
     0 | D:1      | Reached XP level 1. HP: 12/12 MP: 3/3
   116 | D:1      | Reached skill level 1 in Armour
   123 | D:1      | Reached XP level 2. HP: 15/17 MP: 5/5
   297 | D:1      | Reached XP level 3. HP: 13/22 MP: 6/6
   485 | D:1      | Reached skill level 1 in Stealth
  1094 | D:2      | Found a snail-covered altar of Cheibriados.
  1462 | D:2      | Noticed Robin
  1484 | D:2      | Reached XP level 4. HP: 12/27 MP: 7/7
  1491 | D:2      | Slain by a hobgoblin

Skill      XL: |  1  2  3 |
---------------+----------+-----
Armour         | 1 |  1.1
Stealth        | 1 |  1.3
Fighting       | |  2.5
Short Blades   | |  0.3
Polearms       | |  1.8
Dodging        | |  1.9
Spellcasting   | |  2.4
Charms         | |  2.7

Action                   |  1- 3 |  4- 6 || total
-------------------------+-------+-------++-------
Melee: Spear             |    69 |       ||    69
       Dagger            |    58 |     5 ||    63
  Use: Scroll            |     4 |       ||     4
       Potion            |       |     1 ||     1
  Eat: Beef jerky        |     1 |       ||     1
Armor: Leather armour    |    20 |       ||    20
Dodge: Dodged            |   111 |     6 ||   117
